 Dungeon Crawl Stone Soup version 0.31.0-32-g396128a36d (webtiles) character file.

Game seed: 11226442478103696672

1130 TacoSundae the Ruffian (level 8, -4/37 HPs)
             Began as a Vine Stalker Shapeshifter on Apr 9, 2024.
             Was an Initiate of Dithmenos.
             Splashed by a jelly's acid (8 damage)
             ... on level 5 of the Dungeon.
             The game lasted 00:10:01 (3315 turns).

TacoSundae the Ruffian (Vine Stalker Shapeshifter)  Turns: 3315, Time: 00:10:02

Health: -4/37      AC: -10   Str: 19    XL:     8   Next: 36%
Magic:  0/9        EV: 12    Int: 10    God:    Dithmenos [......]
Gold:   195        SH:  0    Dex: 14    Spells: 7/7 levels left

rFire   + +          .
                       - Unarmed
rCold   . . .        (no shield)
rNeg    . . .        w - +0 robe {rF+}
rPois   .            (helmet currently unavailable)
rElec   .            (cloak currently unavailable)
rCorr   .            (gloves currently unavailable)
SInv    .            (boots currently unavailable)
Will    +....        (no amulet)
Stlth   +            h - ring of protection from fire
HPRegen 1.06/turn    (no ring)
MPRegen 0.11/turn

%: guardian spirit
@: beast-form, corroded
A: beast (slay +3), fangs 3, regeneration 1, magic shield, antimagic bite, no
potion heal 2
a: Begin Untransformation, Renounce Religion


You were on level 5 of the Dungeon.
You worshipped Dithmenos.
Dithmenos was noncommittal.
You were a hulking beast.
You visited 1 branch of the dungeon, and saw 5 of its levels.

You collected 195 gold pieces.

Inventory:

Missiles
 l - 12 poisoned darts (quivered)
Armour
 q - a +0 pair of gloves
 w - a +0 robe of fire resistance (worn)
Jewellery
 h - a ring of protection from fire (left hand)
Talismans
 c - a beast talisman
 d - a flux talisman
Wands
 r - a wand of polymorph (12)
 u - a wand of paralysis (7)
Scrolls
 a - a scroll of identify {unknown}
 e - 2 scrolls of enchant armour {unknown}
 f - a scroll of fear {unknown}
 g - a scroll of teleportation {unknown}
 j - 3 scrolls of revelation {unknown}
 n - a scroll of torment {unknown}
 s - a scroll of vulnerability {unknown}
 t - a scroll of brand weapon {unknown}
Potions
 b - 3 potions of lignification
 i - 5 potions of curing {unknown}
 k - a potion of degeneration {unknown}
 m - 2 potions of attraction {unknown}
 o - 2 potions of mutation {unknown}
 p - a potion of magic {unknown}
 v - 2 potions of might {unknown}


   Skills:
 - Level 0.8 Fighting
 - Level 1.5 Dodging
 + Level 7.4 Unarmed Combat
 + Level 6.9 Shapeshifting


You had 7 spell levels left.
You didn't know any spells.
Your spell library contained the following spells:

 Spells                   Type           Power      Damage    Failure   Level
 Fugue of the Fallen      Necr           0%         N/A       75%         3
 Ozocubu's Armour         Ice            0%         N/A       75%         3
 Manifold Assault         Tloc           0%         N/A       98%         4


Dungeon Overview and Level Annotations

Branches:
Dungeon (5/15)
 Temple: D:4-7

Altars:
Cheibriados
Dithmenos
Wu Jian
Yredelemnul

Shops:
D:1 ?

Annotations:
D:4 1 runed translucent door, Crazy Yiuf


Innate Abilities, Weirdness & Mutations

You are a hulking beast.
Your limbs bulge with bestial killing power. (Slay +3)
You have razor-sharp teeth.
Your natural rate of healing is unusually fast.
When hurt, damage is shared between your health and your magic reserves.
Your bite disrupts and absorbs the magic of your enemies.
Potions cannot restore your health.


Message History

You hear a distant slurping noise.
There is an open door here.
Found 7 gold pieces.
j - 3 scrolls labelled RYHO LASTUGUME (gained 1)
You now have 195 gold pieces (gained 7).
You hear a distant slurping noise.
You hear a slurping noise.
The jelly eats the door!
A jelly comes into view.
The jelly quivers.
There is an open door here.
You hit the jelly. The acid corrodes you!
Your hands burn!
The jelly is lightly wounded.
The jelly barely misses you.
You hit the jelly.
Your hands burn!
You bite the jelly! You drain its power.
You feel invigorated.
The jelly is moderately wounded.
The jelly completely misses you.
You punch the jelly!
Your hands burn!
You bite the jelly! You drain its power.
You feel invigorated.
The jelly is severely wounded.
The jelly jiggles.
The jelly hits you.
You are splashed with acid!
You hit the jelly.
Your hands burn!
The jelly is severely wounded.
The jelly hits you.
You are splashed with acid!
You are too injured to fight recklessly!
You punch the jelly! The acid corrodes you!
Your hands burn!
* * * LOW HITPOINT WARNING * * *
The jelly is almost dead.
The jelly hits you.
* * * LOW HITPOINT WARNING * * *
The acid corrodes you!
You are splashed with acid!
* * * LOW HITPOINT WARNING * * *
The jelly attacks as it pursues you! The jelly closely misses you.
There is an open door here.
The jelly attacks as it pursues you! The jelly hits you.
* * * LOW HITPOINT WARNING * * *
You are splashed with acid!
You die...

#O#....#.... .......
+.#....#....#.........#
#.#....#....#.........#
#.#....#....#.........#
#.#....#....#.........#
..#....#....#.........#
..#....#....#.........#
..#....#....'.........#
..#....#....#..Jh.....#
..#....#....#.........#
..+.........#...##....#
..#....#....#...##....#
..#....#....##..#.....#
#....#....##..#.....#
#.............#.....#
#....#........#.....#
#....#........#.....#


You could see a jelly.

Vanquished Creatures
  Pikel (D:4)
  Eustachio (D:4)
  A phantom (D:5)
  A lemure (D:4)
  2 scorpions
  2 orc priests
  An iguana (D:3)
  Terence (D:3)
  3 orc wizards
  3 adders
  A shadow imp (D:5)
  3 dart slugs
  A ribbon worm (D:4)
  12 orcs
  6 endoplasms
  5 giant cockroaches
  3 hobgoblins
  13 jackals
  4 quokkas
  3 ball pythons
  13 bats
  2 frilled lizards
  10 goblins
  A goblin skeleton (D:3)
  4 kobolds
  9 rats
106 creatures vanquished.

Notes
Turn   | Place    | Note
-------+----------+-------------------------------------------
     0 | D:1      | TacoSundae the Vine Stalker Shapeshifter began the quest
                  | for the Orb.
     0 | D:1      | Reached XP level 1. HP: 9/9 MP: 2/2
    33 | D:1      | Found Dexaq's Magic Scroll Shoppe.
    91 | D:1      | Reached XP level 2. HP: 14/14 MP: 3/3
   484 | D:1      | Reached XP level 3. HP: 17/17 MP: 4/4
   986 | D:2      | Noticed a scorpion
   994 | D:2      | Killed a scorpion
   995 | D:2      | Reached skill level 4 in Unarmed Combat
   995 | D:2      | Reached XP level 4. HP: 17/21 MP: 2/5
  1119 | D:2      | You fall into a shaft and drop 2 floors!
  1316 | D:2      | Reached XP level 5. HP: 25/25 MP: 6/6
  1509 | D:3      | Noticed Terence
  1533 | D:3      | Killed Terence
  1554 | D:3      | Found an ornate altar of the Wu Jian Council.
  1628 | D:3      | Found a runed translucent door.
  1628 | D:3      | Noticed a human
  1662 | D:3      | Found a basalt altar of Yredelemnul.
  1900 | D:3      | Reached skill level 5 in Unarmed Combat
  1900 | D:3      | Reached XP level 6. HP: 16/29 MP: 3/7
  1992 | D:3      | Reached skill level 5 in Shapeshifting
  2214 | D:4      | Found a snail-covered altar of Cheibriados.
  2622 | D:4      | Noticed Eustachio
  2639 | D:4      | Killed Eustachio
  2640 | D:4      | Reached XP level 7. HP: 25/32 MP: 6/8
  2705 | D:4      | Reached skill level 6 in Unarmed Combat
  2746 | D:4      | Noticed Pikel
  2772 | D:4      | Killed Pikel
  2773 | D:4      | Reached skill level 7 in Unarmed Combat
  2773 | D:4      | Gained mutation: You have razor-sharp teeth. [Vine Stalker
                  | growth]
  2773 | D:4      | Reached XP level 8. HP: 20/37 MP: 7/9
  3151 | D:4      | Found a runed translucent door.
  3152 | D:4      | Noticed Crazy Yiuf
  3189 | D:5      | Entered Level 5 of the Dungeon
  3195 | D:5      | Found a shadowy altar of Dithmenos.
  3200 | D:5      | Became a worshipper of Dithmenos the Shadowed
  3310 | D:5      | HP: 1/37 [acid (6)]
  3315 | D:5      | Splashed by a jelly's acid

Illustrated notes

Levels and vault maps discovered:
D:1:      elethiomel_arrival_quiet, layout_basic, serial_shops, shop,
          kennysheep_decorative_pillar, chequers_serial_rivers_micro_b,
          minmay_misc_feat_cross
D:2:      layout_basic, minmay_pentomino_x4
D:3:      layout_rooms, dk_yredelemnul_ordeal, lemuel_tele_altar, uniq_terence
D:4:      layout_basic, mainiacjoe_overflow_brackets, uniq_crazy_yiuf_cottage,
          uniq_eustachio, uniq_pikel
D:5:      layout_gridville, nicolae_uskayaw_dance_hall, lemuel_doored_altar,
          serial_shops, nicolae_shop_advertising_works
          [nicolae_subvault_shop_adworks]

Skill      XL: |  1  2  3  4  5  6  7 |
---------------+----------------------+-----
Unarmed Combat | 4 5 7 |  7.4
Shapeshifting  | 4 5 6 |  6.9
Fighting       | |  0.8
Dodging        | |  1.5

Action                     |  1- 3 |  4- 6 |  7- 9 || total
---------------------------+-------+-------+-------++-------
  Melee: Unarmed           |    75 |   127 |    52 ||   254
         Bite              |    19 |    34 |    16 ||    69
         Punch             |     2 |     5 |     2 ||     9
  Throw: Dart              |     1 |       |     4 ||     5
  Evoke: Wand              |       |     1 |       ||     1
   Stab: Paralysed         |       |     1 |       ||     1
 Armour: Animal skin       |     3 |       |       ||     3
         Ring mail         |    40 |    51 |       ||    91
         Robe              |       |    23 |    20 ||    43
  Dodge: Dodged            |    57 |    77 |    20 ||   154
